[Event "Titled Tuesday Blitz November 08 Early 2022"]
[White "Goldin, Alexander"]
[Black "Bok, Benjamin"]
[WhiteFideId "2019540"]
[BlackFideId "1017063"]
[WhiteElo "2618"]
[BlackElo "2658"]
[Result "0-1"]
[Round "06"]
[TimeControl "180+1"]
[Date "2022.11.09"]
[WhiteClock "0:00:18"]
[BlackClock "0:00:06"]

1. d4 Nf6 2. c4 e6 3. Nf3 d5 4. Nc3 c6 5. cxd5 exd5 6. Bf4 Bf5 7. h3 Bd6 8. Bxd6 Qxd6 9. Qb3 Qc7 10. Nh4 Bg6 11. e3 Nbd7 12. Nxg6 hxg6 13. Bd3 g5 14. O-O-O b5 15. Kb1 a5 16. Qc2 Qd6 17. e4 dxe4 18. Nxe4 Nxe4 19. Bxe4 Rc8 20. Rde1 Kf8 21. Bf5 g6 22. Bxd7 Qxd7 23. Qc5+ Kg7 24. Qe5+ f6 25. Qe7+ Qxe7 26. Rxe7+ Kh6 27. Re6 Rhd8 28. Rd1 f5 29. Kc2 Rd5 30. Re5 Rxe5 31. dxe5 Re8 32. Re1 Kg7 33. Kc3 c5 34. a4 bxa4 35. Kc4 Kf7 36. Kxc5 Ke6 37. Re2 Rb8 38. g3 Rb3 39. h4 gxh4 40. gxh4 Rb4 41. Kc6 Rb3 42. Kc5 a3 43. bxa3 Rxa3 44. f4 Rf3 45. Rg2 Rxf4 46. Rxg6+ Kxe5 47. h5 Rh4 48. h6 f4 49. Kc4 Ke4 50. Re6+ Kf3 51. Kd3 Kf2 52. Re4 Rh3+ 53. Kd2 f3 54. Re6 a4 55. Ra6 a3 56. Kd1 Kg2 57. Rg6+ Kf1 58. Ra6 f2 59. Kd2 a2 60. Rxa2 Rxh6 61. Ra1+ Kg2 62. Ke2 Re6+ 63. Kd3 f1=Q+ 0-1


[Site "https://www.chess.com"]

[Event "Titled Tuesday Blitz November 08 Early 2022"]
[White "Gonzalez, Francisco Silva"]
[Black "Roque Sola, Gisela"]
[WhiteFideId "1512285"]
[BlackFideId "5120241"]
[WhiteElo "2159"]
[BlackElo "1961"]
[Result "1-0"]
[Round "06"]
[TimeControl "180+1"]
[Date "2022.11.09"]
[WhiteClock "0:00:48"]
[BlackClock "0:00:33"]

1. d4 Nf6 2. c4 e6 3. Nc3 Bb4 4. a3 Bxc3+ 5. bxc3 d5 6. e3 O-O 7. Bd3 dxc4 8. Bxc4 c5 9. Ne2 Nc6 10. f3 Qa5 11. O-O Rd8 12. Bd2 a6 13. e4 b5 14. Bb3 Qb6 15. Be3 Qa5 16. Qc2 c4 17. Ba2 Bb7 18. Bb1 g6 19. Bg5 Kg7 20. e5 Nd5 21. Bxd8 Rxd8 22. Qd2 Nce7 23. Be4 Nf5 24. Bxf5 exf5 25. Rfb1 Qb6 26. a4 Bc6 27. axb5 axb5 28. Kh1 h6 29. Ng3 Nc7 30. h4 h5 31. Nxf5+ gxf5 32. Qg5+ Kh7 33. Qxh5+ Kg7 34. Qg5+ Kh7 35. Qxf5+ Kg7 36. Qg5+ Kh7 37. Qxd8 Qb7 38. Qg5 Ne6 39. Qf5+ Kg7 40. h5 Qe7 41. Kg1 b4 42. Ra6 Bd5 43. Rxb4 Nxd4 44. Qf6+ Qxf6 45. exf6+ Kh6 46. cxd4 c3 47. Rb1 c2 48. Rc1 Bb3 49. g4 Kg5 50. Rb6 Ba4 51. Kf2 Kf4 52. Rb4 Bc6 53. d5+ Ke5 54. dxc6 Kd6 55. Rd4+ Kxc6 56. Rxc2+ Kb5 57. Rd8 Ka4 58. Rb8 Ka3 59. g5 Ka4 60. Rc7 Ka3 61. Rxf7 Ka4 62. g6 Ka3 63. h6 Ka4 64. h7 Ka3 65. g7 Ka4 66. Rc7 Ka3 67. f4 Ka4 68. f5 Ka3 69. f7 Ka4 70. f6 Ka3 71. f8=B+ Ka4 72. g8=B Ka5 73. h8=B Ka6 74. Bc4+ Ka5 75. Ra7# 1-0


[Site "https://www.chess.com"]

[Event "Titled Tuesday Blitz November 08 Early 2022"]
[White "Goroshkov, Maksym"]
[Black "Bernat, David"]
[WhiteFideId "14142716"]
[BlackFideId "2099225"]
[WhiteElo "2257"]
[BlackElo "2346"]
[Result "1-0"]
[Round "06"]
[TimeControl "180+1"]
[Date "2022.11.09"]
[WhiteClock "0:01:24"]
[BlackClock "0:00:03"]

1. e4 c5 2. d4 cxd4 3. c3 dxc3 4. Nxc3 e6 5. Nf3 Nc6 6. Bc4 Bb4 7. O-O Bxc3 8. bxc3 Nge7 9. Qd6 O-O 10. Ba3 Re8 11. Rad1 Qb6 12. Bc5 Qa5 13. Nd4 Nxd4 14. cxd4 b5 15. Bb3 Qa6 16. Qg3 Bb7 17. d5 Ng6 18. h4 exd5 19. exd5 Rac8 20. Bd4 f6 21. h5 Ne5 22. h6 g6 23. d6+ Kf8 24. Qf4 Qxd6 25. Bc5 Rxc5 26. Rxd6 f5 27. Qb4 Rec8 28. Bd5 a5 29. Qd4 Bxd5 30. Rxd5 1-0


[Site "https://www.chess.com"]

[Event "Titled Tuesday Blitz November 08 Early 2022"]
[White "Goryachkina, Aleksandra"]
[Black "Levitan, Caleb Levi"]
[WhiteFideId "4147103"]
[BlackFideId "14332620"]
[WhiteElo "2484"]
[BlackElo "1963"]
[Result "1-0"]
[Round "06"]
[TimeControl "180+1"]
[Date "2022.11.09"]
[WhiteClock "0:00:18"]
[BlackClock "0:00:05"]

1. e4 c5 2. Nf3 e6 3. g3 Nc6 4. Bg2 g6 5. O-O Bg7 6. c3 d5 7. exd5 exd5 8. d4 cxd4 9. Nxd4 Nxd4 10. cxd4 Ne7 11. Nc3 O-O 12. Bg5 Be6 13. Re1 Re8 14. Qd2 Qd7 15. Bxe7 Rxe7 16. Nxd5 Bxd5 17. Rxe7 Qxe7 18. Bxd5 Rd8 19. Re1 Qd7 20. Bb3 Bxd4 21. Qg5 Re8 22. Rxe8+ Qxe8 23. Bxf7+ Qxf7 24. Qd8+ Qf8 25. Qxd4 b6 26. Qd5+ Kh8 27. Qb7 Qb4 28. Qb8+ Kg7 29. Qxa7+ Kh6 30. Qa3 Qe1+ 31. Kg2 Qe4+ 32. Qf3 Qb1 33. Qe3+ Kg7 34. Qxb6 Qxa2 35. Qd4+ Kh6 36. b4 Qa8+ 37. Kf1 Qa1+ 38. Qxa1 1-0


[Site "https://www.chess.com"]

[Event "Titled Tuesday Blitz November 08 Early 2022"]
[White "Grandelius, Nils"]
[Black "Tasev, Dejan"]
[WhiteFideId "1710400"]
[BlackFideId "936618"]
[WhiteElo "2617"]
[BlackElo "2256"]
[Result "1-0"]
[Round "06"]
[TimeControl "180+1"]
[Date "2022.11.09"]
[WhiteClock "0:00:18"]
[BlackClock "0:00:09"]

1. Nf3 Nf6 2. c4 g6 3. b3 Bg7 4. Bb2 O-O 5. g3 b6 6. Bg2 Bb7 7. O-O c5 8. d4 cxd4 9. Qxd4 Nc6 10. Qc3 d6 11. Nbd2 Rc8 12. Rfd1 Qc7 13. Rac1 Qb8 14. Qd3 Rfd8 15. Qb1 Qa8 16. Qa1 Nb8 17. Nf1 Nbd7 18. Bd4 Nc5 19. Ne3 Ne6 20. Bc3 a6 21. Qb2 b5 22. Qa1 bxc4 23. Nxc4 Qa7 24. Nd4 Bxg2 25. Nxe6 fxe6 26. Kxg2 Rc5 27. f3 Qb7 28. Nxd6 exd6 29. Bxf6 Rxc1 30. Rxc1 Bxf6 31. Qxf6 Re8 32. Rc4 d5 33. Rc5 Qb6 34. Rxd5 Rf8 35. Qd4 Qc6 36. Rc5 Qe8 37. Rc7 Rf7 38. Rc5 Rd7 39. Qc3 Qe7 40. Rc8+ Rd8 41. Rc7 Rd7 42. Rc6 e5 43. Qc4+ Kf8 44. Rxa6 e4 45. Qxe4 Qxe4 46. fxe4 Rd2 47. Kf3 Rb2 48. Ke3 Rb1 49. Rb6 Ke8 50. a4 Kf7 51. a5 h5 52. h4 Kg7 53. a6 Kf7 54. b4 Kg7 55. b5 Rb3+ 56. Kf4 Rb1 57. a7 Rf1+ 58. Ke3 Rg1 59. a8=Q 1-0


[Site "https://www.chess.com"]

[Event "Titled Tuesday Blitz November 08 Early 2022"]
[White "Gritsenko, Nikolai"]
[Black "Devaev, Alexander"]
[WhiteFideId "14112493"]
[BlackFideId "4169395"]
[WhiteElo "2389"]
[BlackElo "2225"]
[Result "0-1"]
[Round "06"]
[TimeControl "180+1"]
[Date "2022.11.09"]
[WhiteClock "0:00:01"]
[BlackClock "0:00:01"]

1. b3 c5 2. Bb2 Nc6 3. c4 e6 4. Nf3 Nf6 5. e3 Be7 6. Be2 O-O 7. O-O b6 8. d4 cxd4 9. Nxd4 Bb7 10. Nc3 a6 11. Rc1 Ne5 12. h3 d6 13. Qd2 Qc7 14. Rfd1 Rac8 15. f4 Ned7 16. f5 Ne5 17. fxe6 fxe6 18. Nxe6 Qc6 19. Nd5 Rfe8 20. Nd4 Qd7 21. Nf3 Bxd5 22. Nxe5 dxe5 23. cxd5 Bc5 24. b4 Bd6 25. Bxa6 Ra8 26. Bc4 b5 27. Bb3 Qf5 28. Rf1 Qg5 29. Rc6 Rad8 30. a3 e4 31. Bxf6 gxf6 32. Qf2 Rf8 33. Qf5 Qg3 34. Rxd6 Rxd6 35. Rf4 Qxe3+ 36. Kh2 Qxb3 37. Rg4+ Kh8 38. Rh4 Rf7 39. Qc8+ Kg7 40. Rg4+ Kh6 41. Rh4+ Kg7 42. Rg4+ Kh6 43. Qf5 Rxd5 44. Rh4+ Kg7 45. Rxh7+ Kf8 46. Qc8+ Ke7 47. Qc7+ Rd7 48. Qc5+ Ke6 49. Rh8 Qd5 50. Re8+ Kf5 51. Qf2+ Kg6 52. Rg8+ Rg7 53. Rh8 Qe5+ 54. g3 Qg5 55. h4 Rd2 56. hxg5 Rxf2+ 57. Kg1 Rf5 58. gxf6 Kxf6 59. Kg2 Re7 60. Rf8+ Ke5 61. Rc8 Kd4 62. Rc5 Ke3 63. Rxf5 Kd2 64. Rd5+ Kc3 65. Kf1 Kc4 66. Rc5+ Kd3 67. Rd5+ Ke3 68. Rxb5 Rg7 69. Kg2 Rf7 70. Rd5 Rf2+ 71. Kh3 Ra2 72. b5 Rxa3 73. Kh4 Rb3 74. g4 Kf3 75. g5 e3 76. Re5 Kf4 77. Rxe3 Rxe3 78. g6 Re7 79. b6 Kf5 80. Kh5 Rg7 0-1


[Site "https://www.chess.com"]

[Event "Titled Tuesday Blitz November 08 Early 2022"]
[White "Guimaraes, Wagner Peixoto"]
[Black "Antonova, Nadezhda"]
[WhiteFideId "2100940"]
[BlackFideId "14700182"]
[WhiteElo "2231"]
[BlackElo "1813"]
[Result "1-0"]
[Round "06"]
[TimeControl "180+1"]
[Date "2022.11.09"]
[WhiteClock "0:00:13"]
[BlackClock "0:00:02"]

1. d4 Nf6 2. c4 g6 3. Nc3 Bg7 4. e4 d6 5. f3 O-O 6. Bg5 c5 7. d5 h6 8. Be3 a6 9. a4 Nbd7 10. Nh3 Ne5 11. Nf2 e6 12. Qd2 Kh7 13. Rd1 exd5 14. cxd5 Rb8 15. Be2 b5 16. axb5 axb5 17. Bxb5 Qb6 18. O-O Ba6 19. Bxa6 Qxa6 20. h3 Nc4 21. Qd3 Nd7 22. Ra1 Nde5 23. Rxa6 Nxd3 24. Nxd3 Nxe3 25. Rfa1 Nc4 26. R1a2 Rfd8 27. Nd1 Rb3 28. Nc1 Rb4 29. b3 Bd4+ 30. Kf1 Ne3+ 31. Nxe3 Bxe3 32. Rc2 Kg7 33. Ra7 h5 34. Ke2 Bf4 35. Nd3 Bg3 36. Nxb4 cxb4 37. Rcc7 Rf8 38. Rcb7 h4 39. Rxb4 Be5 40. Rbb7 Kh6 41. b4 f5 42. exf5 Rxf5 43. Rf7 Bf6 44. b5 Kg5 45. b6 Bd4 46. Rxf5+ Kxf5 47. Rb7 Kf4 48. Kd3 Kg3 49. Rg7 1-0


[Site "https://www.chess.com"]

[Event "Titled Tuesday Blitz November 08 Early 2022"]
[White "Gurevich, Dmitry"]
[Black "Matlakov, Maxim"]
[WhiteFideId "2000407"]
[BlackFideId "4168003"]
[WhiteElo "2616"]
[BlackElo "2909"]
[Result "0-1"]
[Round "06"]
[TimeControl "180+1"]
[Date "2022.11.09"]
[WhiteClock "0:00:02"]
[BlackClock "0:00:12"]

1. d4 Nf6 2. c4 e6 3. Nf3 d5 4. Nc3 h6 5. g3 Bd6 6. Bg2 Nc6 7. O-O O-O 8. b3 dxc4 9. bxc4 e5 10. d5 Na5 11. Nd2 b6 12. Bb2 Re8 13. Qc2 Nd7 14. Nb5 Nc5 15. Nb3 Nab7 16. Nc1 Bd7 17. a4 Qc8 18. e4 a6 19. Nc3 Na5 20. Nd1 f5 21. f3 Rf8 22. Ne3 fxe4 23. fxe4 Rxf1+ 24. Bxf1 Qe8 25. Bg2 Bxa4 26. Qe2 Bd7 27. Nd3 Nab3 28. Rf1 a5 29. Nf5 Bxf5 30. exf5 Nd4 31. Qe3 Qh5 32. f6 Rf8 33. fxg7 Rxf1+ 34. Bxf1 Nf3+ 35. Kg2 e4 36. h3 exd3 37. Bxd3 Ne5 38. Be2 Qg5 39. Qf2 Kxg7 40. h4 Qf6 41. Qe3 Qf5 42. g4 Qe4+ 0-1


[Site "https://www.chess.com"]

[Event "Titled Tuesday Blitz November 08 Early 2022"]
[White "Hajiyev, Kanan"]
[Black "Sailer, Mike"]
[WhiteFideId "13404148"]
[BlackFideId "2012901"]
[WhiteElo "2118"]
[BlackElo "2109"]
[Result "1/2-1/2"]
[Round "06"]
[TimeControl "180+1"]
[Date "2022.11.09"]
[WhiteClock "0:00:10"]
[BlackClock "0:00:11"]

1. d4 d5 2. c4 Bf5 3. cxd5 Bxb1 4. Qa4+ Qd7 5. Qxd7+ Nxd7 6. Rxb1 Ngf6 7. Nf3 Nb6 8. Bd2 Nbxd5 9. e3 Ne4 10. Bc4 Nxd2 11. Kxd2 e6 12. Bxd5 exd5 13. Rhc1 Bb4+ 14. Kd3 c6 15. a3 Bd6 16. b4 a6 17. a4 f6 18. g3 Kd7 19. a5 g5 20. Kc3 h5 21. h4 Rag8 22. Rh1 Ke6 23. Rh2 g4 24. Nd2 Rb8 25. Nb3 b6 26. axb6 Rxb6 27. Nc5+ Bxc5 28. dxc5 Rb5 29. Ra1 a5 30. Rxa5 Rxa5 31. bxa5 Ra8 32. Kb4 Rb8+ 33. Ka4 Rb1 34. f3 gxf3 35. Rf2 Ke5 36. Rxf3 f5 37. Rf4 Ra1+ 38. Kb4 Rb1+ 39. Ka3 Ra1+ 40. Kb4 Rb1+ 41. Kc3 Ra1 42. Kb4 1/2-1/2


[Site "https://www.chess.com"]

[Event "Titled Tuesday Blitz November 08 Early 2022"]
[White "Harsha Bharathakoti"]
[Black "Bortnyk, Olexandr"]
[WhiteFideId "5078776"]
[BlackFideId "14120828"]
[WhiteElo "2523"]
[BlackElo "2723"]
[Result "0-1"]
[Round "06"]
[TimeControl "180+1"]
[Date "2022.11.08"]
[WhiteClock "0:00:03"]
[BlackClock "0:00:23"]

1. Nf3 Nf6 2. b3 g6 3. Bb2 Bg7 4. e3 O-O 5. d4 d5 6. c4 c6 7. Nc3 Bf5 8. Be2 Ne4 9. O-O Nxc3 10. Bxc3 Nd7 11. a4 a6 12. a5 Re8 13. Rc1 Rc8 14. h3 h5 15. b4 Nf6 16. Ne5 Nd7 17. cxd5 cxd5 18. b5 Nxe5 19. dxe5 axb5 20. Bxb5 Rf8 21. Qb3 Rc5 22. Bd4 Rxc1 23. Rxc1 Qxa5 24. Qxd5 Bd3 25. Bc4 Qd2 26. Ra1 e6 27. Qb5 Be4 28. Qa5 Qxa5 29. Rxa5 Rc8 30. Bb3 Bf8 31. f3 Rc1+ 32. Kf2 Bc6 33. Ra1 Rxa1 34. Bxa1 Bb4 35. Bd4 Kf8 36. e4 Ke7 37. Ke3 Bb5 38. Kf2 Kd7 39. h4 Kc6 40. g4 Bd2 41. gxh5 gxh5 42. Kg3 Be2 43. f4 Kb5 44. f5 Bg4 45. fxe6 fxe6 46. Kf2 Kb4 47. Ba2 b5 48. Be3 Bxe3+ 49. Kxe3 Kc3 0-1


[Site "https://www.chess.com"]

[Event "Titled Tuesday Blitz November 08 Early 2022"]
[White "Hart, Braeden"]
[Black "Boyer, Mahel"]
[WhiteFideId "30962587"]
[BlackFideId "45102422"]
[WhiteElo "2424"]
[BlackElo "2454"]
[Result "0-1"]
[Round "06"]
[TimeControl "180+1"]
[Date "2022.11.09"]
[WhiteClock "0:01:50"]
[BlackClock "0:01:14"]

1. e4 Nc6 2. Nf3 d5 3. exd5 Qxd5 4. Nc3 Qh5 5. Bb5 Bg4 6. d3 O-O-O 7. Bxc6 bxc6 8. Be3 e6 9. Ne4 Nf6 10. Ng3 Qd5 11. h3 Bxf3 12. Qxf3 Qxf3 13. gxf3 Nd5 14. Ke2 f5 15. Bxa7 c5 16. d4 cxd4 17. Bxd4 Nf4+ 18. Ke3 Ng2+ 19. Kd3 e5 20. Nxf5 exd4 21. a4 g6 22. Ng3 Nf4+ 23. Ke4 Bh6 0-1


[Site "https://www.chess.com"]

[Event "Titled Tuesday Blitz November 08 Early 2022"]
[White "Hernandez Jimenez, Alexander Andres"]
[Black "Ovchinnikov, Vsevolod"]
[WhiteFideId "3900452"]
[BlackFideId "24176842"]
[WhiteElo "2098"]
[BlackElo "2376"]
[Result "0-1"]
[Round "06"]
[TimeControl "180+1"]
[Date "2022.11.09"]
[WhiteClock "0:00:01"]
[BlackClock "0:00:08"]

1. e4 g6 2. d4 Bg7 3. c4 c5 4. Nf3 cxd4 5. Nxd4 Nf6 6. Nc3 d6 7. Be2 O-O 8. O-O Nc6 9. Be3 Bd7 10. f3 Re8 11. Qd2 Qa5 12. Rfd1 Rac8 13. Rac1 Nxd4 14. Bxd4 Nh5 15. Bxg7 Nxg7 16. b3 Ne6 17. Nd5 Qxd2 18. Rxd2 f6 19. Kf2 Kf7 20. Ke3 Nc5 21. Rdc2 Be6 22. Rc3 Na6 23. a3 Bd7 24. b4 Nc7 25. c5 Nxd5+ 26. exd5 dxc5 27. bxc5 Rc7 28. c6 bxc6 29. dxc6 Be6 30. Ba6 Bd5 31. Bb7 e6 32. Kd4 Rb8 33. a4 Ke7 34. a5 Kd6 35. a6 g5 36. Ke3 h5 37. g3 Rg8 38. Rf1 f5 39. f4 g4 40. Rfc1 Rh8 41. Kd4 h4 42. R3c2 hxg3 43. hxg3 Rh3 44. Rc3 Rh2 45. R1c2 Rh1 46. Rc1 Rh3 47. R1c2 Be4 48. Rc1 Rh2 49. Ke3 Rg2 50. Rd1+ Bd5 51. Kd4 Rh2 52. Ke3 Rg2 53. Kd4 Ra2 54. Ke3 Ra4 55. Rdc1 Re4+ 56. Kf2 Rd4 57. R1c2 Rb4 58. Kg1 Rb3 59. Kf2 Rxc3 60. Rxc3 Bxc6 61. Bxc6 Rxc6 0-1


[Site "https://www.chess.com"]

[Event "Titled Tuesday Blitz November 08 Early 2022"]
[White "Hon, Eric"]
[Black "Vargas, Mauricio"]
[WhiteFideId "2097117"]
[BlackFideId "4404572"]
[WhiteElo "1918"]
[BlackElo "2025"]
[Result "1-0"]
[Round "06"]
[TimeControl "180+1"]
[Date "2022.11.09"]
[WhiteClock "0:00:20"]
[BlackClock "0:00:03"]

1. e4 d5 2. exd5 Qxd5 3. Nc3 Qa5 4. Nf3 c6 5. d4 Nf6 6. Ne5 Bf5 7. Nc4 Qc7 8. a4 Nbd7 9. Be2 h5 10. O-O Bg4 11. g3 Bh3 12. Bf4 Qc8 13. Re1 h4 14. Bf1 hxg3 15. Bxg3 e6 16. Qf3 Bxf1 17. Kxf1 Be7 18. Nd6+ Bxd6 19. Bxd6 Qd8 20. d5 Nb6 21. dxe6 Qxd6 22. Rad1 Qxh2 23. exf7+ Kxf7 24. Ne4 Qh1+ 25. Qxh1 Rxh1+ 26. Kg2 Rxe1 27. Rxe1 Re8 28. Nd6+ Kf8 29. Nxe8 Nxe8 30. b3 Nf6 31. Rd1 Nbd5 32. Kf3 Nc3 33. Rd8+ Ke7 34. Rb8 b6 35. Rb7+ Kd6 36. Rxa7 Ncd5 37. Rxg7 1-0


[Site "https://www.chess.com"]

[Event "Titled Tuesday Blitz November 08 Early 2022"]
[White "Horobetz, Graham"]
[Black "Moaataz, Ayah"]
[WhiteFideId "2047322"]
[BlackFideId "10615873"]
[WhiteElo "2592"]
[BlackElo "1993"]
[Result "1-0"]
[Round "06"]
[TimeControl "180+1"]
[Date "2022.11.09"]
[WhiteClock "0:00:17"]
[BlackClock "0:01:36"]

1. e4 c6 2. d4 d5 3. Nc3 dxe4 4. Nxe4 Nf6 5. Nxf6+ exf6 6. c3 Bd6 7. Bd3 Qc7 8. Qc2 h5 9. Ne2 Bg4 10. h3 Be6 11. Be3 Nd7 12. c4 Bb4+ 13. Nc3 Nb6 14. a3 Bxc3+ 15. Qxc3 O-O-O 16. a4 Kb8 17. a5 Nc8 18. b4 Ka8 19. O-O Qd7 20. Rfd1 g5 21. a6 b6 22. d5 cxd5 23. cxd5 Bxd5 24. Qxf6 Qe6 25. Bxg5 Rdg8 26. Qxe6 fxe6 27. h4 Nd6 28. f3 Nf5 29. Bxf5 Bb3 30. Be4+ Kb8 31. Bf4+ Kc8 32. Rac1+ 1-0


[Site "https://www.chess.com"]

[Event "Titled Tuesday Blitz November 08 Early 2022"]
[White "Howell, David W L"]
[Black "Hernandez Gonzalez, William"]
[WhiteFideId "410608"]
[BlackFideId "3509915"]
[WhiteElo "2567"]
[BlackElo "2374"]
[Result "1-0"]
[Round "06"]
[TimeControl "180+1"]
[Date "2022.11.09"]
[WhiteClock "0:00:52"]
[BlackClock "0:00:20"]

1. c4 c5 2. Nc3 Nf6 3. g3 d5 4. cxd5 Nxd5 5. Bg2 Nc7 6. Nf3 Nc6 7. O-O e5 8. a3 f6 9. e3 Be7 10. d4 cxd4 11. exd4 exd4 12. Ne2 Ne6 13. b4 a6 14. Bb2 d3 15. Nc3 O-O 16. Re1 Kh8 17. Re3 Ne5 18. Nxe5 fxe5 19. Nd5 Bg5 20. Rxd3 Nd4 21. h4 Bh6 22. Bxd4 exd4 23. Rxd4 Rb8 24. Qd3 g6 25. Re1 Bg7 26. Rc4 Bf5 27. Be4 Bh3 28. Rc7 Qd7 29. Rxd7 1-0


[Site "https://www.chess.com"]

[Event "Titled Tuesday Blitz November 08 Early 2022"]
[White "Ibarra Jerez, Jose Carlos"]
[Black "Faizrakhmanov, Ramil"]
[WhiteFideId "2226332"]
[BlackFideId "24103209"]
[WhiteElo "2638"]
[BlackElo "2437"]
[Result "1/2-1/2"]
[Round "06"]
[TimeControl "180+1"]
[Date "2022.11.08"]
[WhiteClock "0:00:04"]
[BlackClock "0:00:03"]

1. e4 c6 2. Nf3 d5 3. d3 Qc7 4. exd5 cxd5 5. c4 Nf6 6. Nc3 e6 7. g3 dxc4 8. dxc4 a6 9. Qe2 Bd6 10. Bg2 O-O 11. O-O b6 12. Nd4 Ra7 13. Ndb5 axb5 14. Nxb5 Qe7 15. Nxd6 Qxd6 16. Bf4 e5 17. Bxe5 Qe7 18. Rfe1 Nbd7 19. Bd4 Qxe2 20. Rxe2 Bb7 21. Bxb7 Rxb7 22. Re7 Rfb8 23. Rd1 h6 24. a4 Kf8 25. Re3 Rc8 26. b3 Nc5 27. Bxf6 gxf6 28. Rd6 Re8 29. Rf3 Ne4 30. Rd5 Re6 31. Kg2 Rc7 32. Rf4 Nc5 33. Rf3 Rcc6 34. Rd8+ Kg7 35. Rf4 h5 36. Rf5 Re5 37. Rf3 Re2 38. b4 Nxa4 39. Ra8 Nb2 40. c5 bxc5 41. bxc5 Rxc5 42. Ra7 Rcc2 43. Ra6 Nc4 44. Raxf6 Ne5 45. R3f5 Kg8 46. h3 h4 47. g4 Kg7 48. Rf4 Kg8 49. R6f5 Rcd2 50. Rf6 Nd3 51. R4f5 Ne5 52. Rf4 Kg7 53. R6f5 Kg8 54. Rf6 1/2-1/2


[Site "https://www.chess.com"]

[Event "Titled Tuesday Blitz November 08 Early 2022"]
[White "Ilkhomi, Jaloliddin"]
[Black "Prem, Pranav"]
[WhiteFideId "14700948"]
[BlackFideId "30901057"]
[WhiteElo "2045"]
[BlackElo "1970"]
[Result "1-0"]
[Round "06"]
[TimeControl "180+1"]
[Date "2022.11.09"]
[WhiteClock "0:00:08"]
[BlackClock "0:00:05"]

1. d4 d5 2. Bf4 Nf6 3. e3 e6 4. Nd2 c5 5. c3 Nc6 6. Ngf3 Bd6 7. Bg3 O-O 8. Bd3 b6 9. Ne5 Bb7 10. h4 Qc7 11. f4 Ne7 12. Qb1 h5 13. Bf2 a5 14. Ndf3 Ba6 15. Ng5 Bxd3 16. Qxd3 Nf5 17. O-O-O a4 18. a3 b5 19. e4 dxe4 20. Nxe4 Nxe4 21. Qxe4 cxd4 22. Bxd4 b4 23. axb4 a3 24. Kb1 axb2 25. Kxb2 Ng3 26. Qd3 Nxh1 27. Rxh1 Rfb8 28. b5 Qa5 29. c4 Qa2+ 30. Kc1 Ra3 31. Qc2 Qxc2+ 32. Kxc2 Ra2+ 33. Kb3 Rxg2 34. Nc6 Rb7 35. Na5 Rb8 36. Nc6 Rc8 37. Ne5 Rg3+ 38. Kb2 f6 39. Nc6 Kf7 40. Rc1 Bxf4 41. Rc2 e5 42. Bf2 Rg2 43. Nb4 Bg3 44. Bxg3 Rxg3 45. Nd5 Ke6 46. b6 Rb8 47. Rd2 Rg4 48. Nc7+ Ke7 49. Kc3 e4 50. Nd5+ Kd6 51. Kd4 Kc6 52. Ne3 Rf4 53. c5 Rxh4 54. Ra2 Rh3 55. Ra7 Rc8 56. Re7 f5 57. Nxf5 Kb5 58. Nd6+ Ka6 59. Nxc8 e3 60. Ra7+ Kb5 61. Nd6+ Kc6 62. b7 e2 63. b8=Q Rh4+ 64. Kd3 Rb4 65. Qxb4 Kd5 66. Qe1 Kxc5 67. Qxe2 Kxd6 68. Qe4 Kc5 69. Ra5+ Kb6 70. Rd5 Kc6 71. Qe6+ 1-0


[Site "https://www.chess.com"]

[Event "Titled Tuesday Blitz November 08 Early 2022"]
[White "Izuzquiza Gonzalez, Javier"]
[Black "Bibilashvili, Lali"]
[WhiteFideId "3101029"]
[BlackFideId "13604236"]
[WhiteElo "2034"]
[BlackElo "1819"]
[Result "0-1"]
[Round "06"]
[TimeControl "180+1"]
[Date "2022.11.09"]
[WhiteClock "0:00:09"]
[BlackClock "0:00:35"]

1. d4 Nf6 2. c4 g6 3. Nf3 Bg7 4. g3 d6 5. Bg2 O-O 6. O-O Nbd7 7. Nc3 e5 8. e4 Re8 9. Qc2 exd4 10. Nxd4 Nc5 11. Re1 c6 12. h3 a5 13. Be3 a4 14. Rad1 Qc7 15. Ndb5 cxb5 16. Nxb5 Qe7 17. Nxd6 Ne6 18. Nxe8 Nxe8 19. f4 Bd7 20. e5 Nc5 21. Kh2 Bc6 22. Bd5 Nc7 23. Bxc6 bxc6 24. Rd6 Ra6 25. Bxc5 Qe8 26. Red1 Ne6 27. Qf2 h5 28. Bb6 Kh7 29. Be3 Qb8 30. Rd7 Kg8 31. R1d6 Qb4 32. Qe2 Ra8 33. g4 h4 34. Rxc6 g5 35. Bd4 Nxf4 36. Qc2 Qe1 37. Rcc7 Qg3+ 38. Kh1 Qxh3+ 39. Qh2 Qf3+ 40. Kg1 Ne2+ 41. Qxe2 Qxe2 42. Rxf7 Qxg4+ 43. Kf1 Rf8 44. e6 Bxd4 0-1


[Site "https://www.chess.com"]

[Event "Titled Tuesday Blitz November 08 Early 2022"]
[White "Jaskolka, Tomasz"]
[Black "Shapiro, Daniel"]
[WhiteFideId "1170791"]
[BlackFideId "2001780"]
[WhiteElo "2126"]
[BlackElo "2314"]
[Result "1-0"]
[Round "06"]
[TimeControl "180+1"]
[Date "2022.11.09"]
[WhiteClock "0:00:06"]
[BlackClock "0:00:01"]

1. d4 Nf6 2. c4 e6 3. g3 d5 4. Bg2 Bb4+ 5. Bd2 Be7 6. cxd5 exd5 7. Nc3 c6 8. Nf3 h6 9. O-O Bf5 10. Qb3 Qb6 11. Qxb6 axb6 12. a3 Nbd7 13. Bf4 O-O 14. Ne5 b5 15. Nxd7 Nxd7 16. e4 dxe4 17. Nxe4 Nb6 18. Nd6 Bxd6 19. Bxd6 Rfd8 20. Bc7 Nc4 21. Bxd8 Rxd8 22. a4 b4 23. a5 Nxb2 24. a6 bxa6 25. Rxa6 Rxd4 26. Rxc6 Nc4 27. Bd5 Nd2 28. Rc5 Nxf1 29. Kxf1 Be6 30. Bxe6 fxe6 31. Ke2 Rd5 32. Rc6 Kf7 33. Rb6 Rd4 34. Ke3 e5 35. f4 Rc4 36. fxe5 Rc2 37. h4 h5 38. Rxb4 Ke6 39. Kf4 Rf2+ 40. Kg5 Rf5+ 41. Kg6 Rxe5 42. Rb6+ Ke7 43. Rb7+ Kf8 44. Rf7+ Ke8 45. Rxg7 Kf8 46. Rf7+ Kg8 47. Rg7+ Kf8 48. Kh6 Ke8 49. Rg5 Re6+ 50. Kxh5 Kf7 51. Rf5+ Kg7 52. g4 Kh7 53. Rf7+ Kg8 54. Ra7 Rd6 55. g5 Rd4 56. Kg6 Rd6+ 57. Kf5 Rd4 58. h5 Rd5+ 59. Kf6 Rd6+ 60. Ke5 Rb6 61. g6 Rb5+ 62. Kf6 Rb6+ 63. Kg5 Rb5+ 64. Kh6 Rb8 65. Rg7+ Kh8 66. Re7 Kg8 67. Rg7+ Kh8 68. Rf7 Kg8 69. Rf5 Kh8 70. Kg5 Kg7 71. h6+ Kg8 72. Ra5 Kh8 73. Re5 Kg8 74. Kf6 1-0


[Site "https://www.chess.com"]

[Event "Titled Tuesday Blitz November 08 Early 2022"]
[White "Jean Louis, Marckens"]
[Black "Iliaguev, Nisim"]
[WhiteFideId "11900270"]
[BlackFideId "2817276"]
[WhiteElo "2030"]
[BlackElo "2244"]
[Result "1-0"]
[Round "06"]
[TimeControl "180+1"]
[Date "2022.11.09"]
[WhiteClock "0:00:36"]
[BlackClock "0:00:26"]

1. d4 Nf6 2. Nf3 g6 3. g3 Bg7 4. Bg2 O-O 5. b3 c5 6. Bb2 cxd4 7. O-O Nc6 8. Nxd4 d6 9. c4 Bd7 10. Nc3 Rc8 11. Rc1 Qa5 12. e3 Rfd8 13. Qe2 h5 14. Rfd1 h4 15. Nxc6 bxc6 16. a3 h3 17. Bf3 Qg5 18. Ne4 Nxe4 19. Bxe4 Bg4 20. f3 Bxb2 21. Qxb2 Qxe3+ 22. Qf2 Qxf2+ 23. Kxf2 Be6 24. g4 d5 25. cxd5 cxd5 26. Bd3 d4 27. b4 Rc3 28. Rxc3 dxc3 29. Ke2 Kg7 30. Rc1 Rc8 31. Ke3 Bd5 32. Bf1 e5 33. Bxh3 Rc7 34. g5 Rc4 35. Bf1 Rf4 36. Be2 Rf5 37. h4 Rf4 38. Rxc3 Rxh4 39. Rc5 Rd4 40. Ra5 Be6 41. Rxe5 Rd7 42. Rc5 Re7 43. Kd4 Rd7+ 44. Kc3 f6 45. f4 fxg5 46. fxg5 Kf7 47. Bc4 Bxc4 48. Kxc4 Ke6 49. b5 Rd1 50. Kb4 Ra1 51. a4 Ra2 52. Ka5 Ra1 53. Rc7 Kf5 54. Rxa7 Kxg5 55. b6 Rb1 56. Ka6 Kf4 57. a5 g5 58. Rf7+ Ke5 59. b7 g4 60. Ka7 1-0


[Site "https://www.chess.com"]